 Dungeon Crawl Stone Soup version 0.28-a0-802-g09f76e8c00 (webtiles) character file.

Game seed: 11382102144175818102

3 cheechan the Skirmisher (level 1, -1/21 HPs)
             Began as a Naga Fighter on Nov 6, 2021.
             Slain by an endoplasm (3 damage)
             ... on level 1 of the Dungeon.
             The game lasted 00:00:22 (102 turns).

cheechan the Skirmisher (Naga Fighter)               Turns: 102, Time: 00:00:23

Health: -1/21      AC:  3    Str: 18    XL:     1   Next: 50%
Magic:  1/1        EV:  7    Int:  8    God:
Gold:   0          SH:  4    Dex: 10    Spells: 0/0 levels left

rFire   . . .      SeeInvis +   a - +0 war axe
rCold   . . .      Faith    .   c - +0 buckler
rNeg    . . .      Spirit   .   b - +0 scale mail
rPois   +          Reflect  .   (no helmet)
rElec   .          Harm     .   (no cloak)
rCorr   .          Rampage  .   (no gloves)
Will    .....                   (no barding)
Stlth   ..........              (no amulet)
HPRegen 0.07/turn               (no ring)
MPRegen 0.07/turn               (no ring)

@: very slow
A: AC +0, large, see invisible, deformed body, poison resistance, slowness 2,
spit poison 1, naga tail 1
a: Spit Poison


You were on level 1 of the Dungeon.
You visited 1 branch of the dungeon, and saw 1 of its levels.

Inventory:

Hand Weapons
 a - a +0 war axe (weapon)
Armour
 b - a +0 scale mail (worn)
 c - a +0 buckler (worn)
Potions
 d - a potion of might


   Skills:
 + Level 3.0 Fighting
 + Level 2.0 Axes
 + Level 2.4 Armour
 + Level 2.4 Shields


You couldn't memorise any spells.
You didn't know any spells.
Your spell library was empty.

Dungeon Overview and Level Annotations

Branches:
Dungeon (1/15)

Altars:


Innate Abilities, Weirdness & Mutations

Your serpentine skin is tough. (AC +0)
You have supernaturally acute eyesight. (SInv)
Armour fits poorly on your strangely shaped body.
Your system is resistant to poisons. (rPois)
You cover ground very slowly.
You can spit poison.
You have a snake-like lower body.


Message History

You kill the kobold!
You slash the plant!
The plant begins to die.
You hit the plant.
The plant begins to die.
Things that are here:
a +0 dagger; 2 stones; a kobold corpse A nearby plant withers and dies.
A nearby plant withers and dies.
Found a faded altar of an unknown god.
A bat comes into view.
An endoplasm comes into view.
The endoplasm quivers.
The bat hits you but does no damage.
Found a scroll labelled MUZUUSIDGHA.
The bat hits you but does no damage.
You enter the shallow water.
Moving in this stuff is going to be slow.
The bat hits you but does no damage. x2
The endoplasm freezes you.
You are frozen.
The endoplasm splashes around in the water.
The bat hits you but does no damage. The endoplasm freezes you.
You are frozen.
The endoplasm freezes you.
You are frozen.
The endoplasm freezes you.
You are frozen.
* * * LOW HITPOINT WARNING * * *
You hit the endoplasm.
The endoplasm is severely wounded.
You barely miss the bat. The bat barely misses you. The endoplasm freezes you.
You are frozen.
* * * LOW HITPOINT WARNING * * *
Unknown command.
You hit the endoplasm but do no damage.
The endoplasm is severely wounded.
You hit the bat.
You kill the bat!
The endoplasm hits you.
You die... ####........... #....###......) #.......PPPPPP. ### #.......PPPPPPP # ..# #.####..PPPPP.. #.#####.##.......PPP..PP .#.....#.#.......PP.PPP. .≈..?..≈#.#######PP.PP.P ≈.≈...J@.#.# #P.PP.PP

.≈.≈≈≈.≈..#.# #....PP.
..≈.≈≈≈≈≈≈#.# #.<.....
...≈._≈...... #.......
..≈.≈≈≈≈≈≈#......P......
.≈.≈≈≈.≈..#......PP.PP.P
≈.≈...≈≈.#.......PP.PPP.
.≈.....≈#.#......PPP..PP
.#.....#.##......PPPPP..


You could see an endoplasm.

Vanquished Creatures
  A kobold (D:1)
  2 bats (D:1)
  A frilled lizard (D:1)
  A rat (D:1)
5 creatures vanquished.

Vanquished Creatures (others)
  33 plants (D:1)
33 creatures vanquished.

Grand Total: 38 creatures vanquished

Notes
Turn   | Place    | Note
-------+----------+-------------------------------------------
     0 | D:1      | cheechan the Naga Fighter began the quest for the Orb.
     0 | D:1      | Reached XP level 1. HP: 21/21 MP: 1/1
    95 | D:1      | Found a faded altar of an unknown god.
   102 | D:1      | Slain by an endoplasm

Illustrated notes

Levels and vault maps discovered:
D:1:      roderic_crop_circles_arrival_small, layout_rooms,
          shapermc_ecumenical_altar_starsandcircs, grunt_decor_arrowhead,
          minivault_11, minmay_misc_feat_iff, minmay_misc_feat_columns,
          eino_curves_03, chequers_serial_rivers_micro_b

Action                   || total
-------------------------++-------
Melee: War axe           ||    34
Armor: Scale mail        ||     5
Dodge: Dodged            ||     2

Table legend: (Time is in decaauts)
 A = Elapsed time spent in this place.
 B = Non-inter-level travel time spent in this place.
 C = Inter-level travel time spent in this place.
 D = Time resting spent in this place.
 E = Time spent auto-exploring this place.
 F = Levels seen in this place.
 G = Mean time per level.
                   A        B        C        D        E       F      G
               +--------+--------+--------+--------+--------+-----+--------+
         Total |    144 |    144 |      0 |      0 |      0 |   1 |  144.0 |
       Dungeon |    144 |    144 |      0 |      0 |      0 |   1 |  144.0 |
               +--------+--------+--------+--------+--------+-----+--------+

Top non-repeatable levels by time:
     D:1: 144 daAuts
